 Dungeon Crawl Stone Soup version 0.28.0-43-g3370ac3207 (webtiles) character file.

Game seed: 16656136038747278530

701 issech the Cudgeller (level 7, -2/68 HPs)
             Began as a Troll Monk on Mar 28, 2022.
             Slain by an orc knight
             ... wielding a +0 battleaxe
              (24 damage)
             ... in a bailey.
             The game lasted 00:14:09 (3443 turns).

issech the Cudgeller (Troll Monk)                   Turns: 3443, Time: 00:14:10

Health: -2/68      AC:  6    Str: 20    XL:     7   Next: 38%
Magic:  6/6        EV: 11    Int:  6    God:
Gold:   391        SH:  0    Dex: 14    Spells: 6/6 levels left

rFire   . . .      SeeInvis +   r - +3 mace (holy)
rCold   . . .      Faith    .   (no shield)
rNeg    . . .      Spirit   .   b - +0 robe
rPois   .          Reflect  .   (helmet restricted)
rElec   .          Harm     .   s - +1 cloak
rCorr   .          Rampage  .   (gloves unavailable)
Will    .....                   (boots unavailable)
Stlth   ++........              (no amulet)
HPRegen 1.01/turn               u - ring of see invisible
MPRegen 0.10/turn               (no ring)

@: hasted, very quick
A: large, unfitting armour, claws 3, regeneration 1, shaggy fur 1, tough skin 1,
sense surroundings 1
a: no special abilities


You were in a bailey.
You visited 1 branch of the dungeon, and saw 5 of its levels.
You also visited: Ossuary and Bailey.

You collected 391 gold pieces.

Inventory:

Hand Weapons
 a - a +0 flail
 r - a +3 mace of holy wrath (weapon)
Missiles
 d - 6 poisoned darts
 e - 46 arrows
 f - 83 stones (quivered)
 n - 33 sling bullets
 o - 23 bolts
 w - 4 silver javelins
Armour
 b - a +0 robe (worn)
 s - a +1 cloak (worn)
Jewellery
 u - a ring of see invisible (left claw)
Scrolls
 i - a scroll of vulnerability
 l - 2 scrolls of teleportation
 p - a scroll of noise
 q - a scroll of holy word
 t - 2 scrolls of magic mapping
Potions
 j - 5 potions of curing {unknown}
 k - 3 potions of heal wounds {unknown}
 v - a potion of ambrosia {unknown}
 z - 2 potions of attraction {unknown}
 B - a potion of brilliance {unknown}
 C - a potion of flight {unknown}
 D - a potion of lignification {unknown}
 E - a potion of berserk rage {unknown}


   Skills:
 + Level 3.9 Fighting
 + Level 5.7 Maces & Flails
 + Level 3.9 Dodging
 + Level 2.0 Stealth


You had 6 spell levels left.
You didn't know any spells.
Your spell library contained the following spells:

 Spells                   Type           Power      Damage    Failure   Level
 Portal Projectile        Hex/Tloc       0%         N/A       83%         3
 Blade Hands              Tmut           0%         N/A       100%        5
 Excruciating Wounds      Necr           0%         N/A       100%        5


Dungeon Overview and Level Annotations

Branches:
Dungeon (7/15)            Ossuary (visited)          Bailey (1/1)
 Temple: D:4-7

Altars:
Sif Muna


Innate Abilities, Weirdness & Mutations

You are too large for most types of armour.
You have claws for hands.
Your natural rate of healing is unusually fast.
You are covered in fur. (AC +1)
You have tough skin. (AC +1)
You passively map a small area around you.


Message History

The gnoll closely misses you. The hobgoblin closely misses you.
The gnoll hits you with a +0 hand axe.
You closely miss the gnoll. You closely miss the gnoll.
The gnoll hits you with a +0 hand axe. The orc closely misses you.
You sock the orc!
You kill the orc!
The gnoll hits you with a +0 hand axe. The orc knight barely misses you.
The gnoll hits you with a +0 hand axe.
Things that are here:
a +0 hand axe; a +0 leather armour The hobgoblin hits you with a +0 war axe.
Throw: 84 stones
Press: ? - help, Q - select action, (/) - cycle Shift-Dir - straight line, f - hobgoblin
Aim: a hobgoblin, wielding a +0 war axe and wearing a +0 leather armour (moderately wounded, 59% to hit)
You throw a stone.
The stone hits the hobgoblin but does no damage.
The hobgoblin is moderately wounded.
You hit the hobgoblin but do no damage.
The hobgoblin is moderately wounded.
The hobgoblin barely misses you. The gnoll misses you.
You sock the hobgoblin!
You kill the hobgoblin!
The gnoll hits you with a +0 hand axe.
You hit the orc knight.
The orc knight is lightly wounded.
The orc knight hits you with a +0 battleaxe!
You closely miss the orc knight.
The orc knight is lightly wounded.
You hit the orc knight but do no damage.
The orc knight is lightly wounded.
The orc knight hits you with a +0 battleaxe!
You barely miss the orc knight.
The orc knight is lightly wounded.
The gnoll hits you with a +0 hand axe. The orc knight completely misses you.
You hit the orc knight. You claw the orc knight.
The orc knight is lightly wounded.
The gnoll hits you with a +0 hand axe.
The orc knight hits you with a +0 battleaxe!!
You die...

#≈≈≈≈≈# * #≈≈≈≈≈# 8
#≈≈≈≈≈# * * ###≈≈≈≈≈#
#.≈≈≈≈≈≈#
#.≈≈≈≈≈.######
*####++#.≈≈≈≈≈......#
#.....#.≈≈≈≈≈.)....###
#.....'....@o)(......#
#..⌠..'.....g....∩..∩#
#.....'..............#
,
#.....#.≈≈≈≈≈......###
####++#.≈≈≈≈≈......# ,
, #.≈≈≈≈≈.###### ,
#.≈≈≈≈≈≈# * *
###≈≈≈≈≈# 8 , #≈≈≈≈≈#


You could see an orc knight and a gnoll.

Vanquished Creatures
  2 necrophages
  The ghost of Zeld the Insei, an amateur OpTm (D:3)
  A bullfrog (D:3)
  A wyvern zombie (D:7)
  An electric eel (Bailey)
  A bullfrog skeleton (D:3)
  8 mummies (Ossuary)
  4 gnolls
  An adder (D:3)
  A river rat (D:3)
  An ufetubus (D:4)
  3 worms
  A dart slug (D:2)
  6 orcs
  9 ball pythons
  6 bats
  7 endoplasms
  2 giant cockroaches
  A gnoll zombie (Ossuary)
  8 goblins
  8 hobgoblins
  3 jackals (D:2)
  6 kobolds
  3 quokkas
  6 frilled lizards
  A hobgoblin zombie (Ossuary)
  3 kobold zombies (Ossuary)
  3 orc zombies (Ossuary)
  6 rats
104 creatures vanquished.

Vanquished Creatures (others)
  A hobgoblin (D:1)
1 creature vanquished.

Grand Total: 105 creatures vanquished

Notes
Turn   | Place    | Note
-------+----------+-------------------------------------------
     0 | D:1      | issech the Troll Monk began the quest for the Orb.
     0 | D:1      | Reached XP level 1. HP: 22/22 MP: 0/0
    95 | D:1      | Reached XP level 2. HP: 26/29 MP: 1/1
   201 | D:1      | Reached skill level 3 in Maces & Flails
   281 | D:1      | Found a faded altar of an unknown god.
   313 | D:1      | Reached XP level 3. HP: 32/36 MP: 2/2
  1021 | D:2      | Found a shimmering blue altar of Sif Muna.
  1773 | D:3      | Reached XP level 4. HP: 36/45 MP: 3/3
  1816 | D:3      | HP: 2/45 [orc/+0 trident (8)]
  1825 | D:3      | HP: 1/45 [orc/+0 trident (7)]
  1888 | D:3      | Found a runed translucent door.
  1895 | D:3      | Noticed Zeld's ghost (amateur OpTm)
  1895 | D:3      | Noticed a bullfrog
  1948 | D:3      | Found Disaupuu's Armour Boutique.
  2284 | D:3      | Noticed a necrophage
  2306 | D:3      | Killed a necrophage
  2307 | D:3      | Reached skill level 4 in Maces & Flails
  2307 | D:3      | Reached XP level 5. HP: 53/53 MP: 4/4
  2423 | D:3      | Killed Zeld's ghost
  2424 | D:3      | Reached XP level 6. HP: 15/61 MP: 5/5
  2431 | D:3      | HP: 1/61 [bullfrog (4)]
  2507 | D:3      | Found a runed translucent door.
  2827 | D:4      | Reached skill level 5 in Maces & Flails
  2975 | D:4      | Found a sand-covered staircase.
  2980 | Ossuary  | Entered an ossuary
  3027 | Ossuary  | Reached XP level 7. HP: 61/68 MP: 6/6
  3251 | D:4      | You fall into a shaft and drop 3 floors!
  3294 | D:7      | Found a flagged portal.
  3320 | Bailey   | Entered a bailey
  3411 | Bailey   | Noticed an orc knight
  3422 | Bailey   | Gained mutation: You passively map a small area around you.
                  | [potion of mutation]
  3443 | Bailey   | Slain by an orc knight

Illustrated notes

Levels and vault maps discovered:
D:1:      lightli_arrival_maybe_door_vault, layout_rooms,
          basic_ecumenical_altar, minivault_4, minmay_pentomino_o4
D:2:      layout_loops_corners, basic_altar, kennysheep_generic_room_12
D:3:      layout_basic, serial_shops, nicolae_shop_stone, ebering_ghost_sewer_f
D:4:      layout_rooms, enter_ossuary_5, mrwooster_statue_mirror
D:7:      layout_basic, enter_bailey_3, minivault_23, lemuel_another_geyser
Bailey:   bailey_axe_of_yendor_kennysheep, bailey

Skill      XL: |  1  2  3  4  5  6  7 |
---------------+----------------------+-----
Maces & Flails | 3 4 5 |  5.7
Fighting       | 3 |  3.9
Dodging        | 3 |  3.9
Stealth        | 2 |  2.0

Action                   |  1- 3 |  4- 6 |  7- 9 || total
-------------------------+-------+-------+-------++-------
Melee: Mace              |   111 |   143 |    47 ||   301
       Punch             |     2 |     4 |     2 ||     8
Throw: Stone             |       |       |     1 ||     1
  Use: Scroll            |       |       |    10 ||    10
       Potion            |       |       |     2 ||     2
 Stab: Sleeping          |     5 |     1 |       ||     6
Armor: Robe              |    48 |    62 |     3 ||   113
Dodge: Dodged            |    74 |   110 |    26 ||   210
